 Dungeon Crawl Stone Soup version 0.27.1-34-g3ba077fa99 (webtiles) character file.

Game seed: 10801171404996003075

15 cbfl8 the Bolt Thrower (level 2, -1/23 HPs)
             Began as a Minotaur Wanderer on Jan 19, 2022.
             Frozen to death by an endoplasm (5 damage)
             ... on level 1 of the Dungeon.
             The game lasted 00:01:19 (912 turns).

cbfl8 the Bolt Thrower (Minotaur Wanderer)           Turns: 912, Time: 00:01:20

Health: -1/23      AC: 10    Str: 15    XL:     2   Next: 34%
Magic:  1/1        EV:  1    Int:  8    God:
Gold:   42         SH:  7    Dex: 11    Spells: 1/1 levels left

rFire    . . .     SeeInvis .   a - +0 club
rCold    . . .     Faith    .   d - +0 kite shield
rNeg     . . .     Spirit   .   g - +0 plate armour
rPois    .         Reflect  .   (helmet restricted)
rElec    .         Harm     .   (no cloak)
rCorr    .         Rampage  .   (no gloves)
Will     .....                  (no boots)
Stlth    ..........             (no amulet)
HPRegen  0.07/turn              (no ring)
MPRegen  0.07/turn              (no ring)

@: no status effects
A: horns 2, retaliatory headbutt
a: no special abilities


You were on level 1 of the Dungeon.
You visited 1 branch of the dungeon, and saw 1 of its levels.

You collected 42 gold pieces.

Inventory:

Hand Weapons
 a - a +0 club (weapon)
Armour
 c - a +0 robe
 d - a +0 kite shield (worn)
 g - a +0 plate armour (worn)
Scrolls
 e - 5 scrolls of identify {unknown}
 i - a scroll of vulnerability {unknown}
Potions
 f - a potion of cancellation {unknown}
 h - a potion of resistance {unknown}


   Skills:
 + Level 1.5 Fighting
 + Level 3.5 Crossbows
 + Level 1.2 Armour
 + Level 0.8 Dodging
 + Level 1.0 Stealth
 + Level 1.4 Shields
 + Level 1.4 Summonings
 + Level 1.2 Poison Magic


You had one spell level left.
You didn't know any spells.
Your spell library was empty.

Dungeon Overview and Level Annotations

Branches:
Dungeon (1/15)

Altars:


Innate Abilities, Weirdness & Mutations

You have a pair of horns on your head.
You reflexively headbutt those who attack you in melee.


Message History

You block the jackal's attack. The jackal bites you.
The jackal bites you but does no damage.
The jackal bites you.
You barely miss the endoplasm.
The jackal bites you but does no damage. x2
The endoplasm freezes you.
You are frozen.
The jackal barely misses you. The jackal bites you. The endoplasm freezes you.
You are frozen.
You block the jackal's attack. x2
Unknown command.
You hit the endoplasm. You headbutt the endoplasm.
The endoplasm is severely wounded.
The jackal bites you but does no damage.
The jackal bites you.
* * * LOW HITPOINT WARNING * * *
You block the jackal's attack. The endoplasm freezes you.
You are frozen.
* * * LOW HITPOINT WARNING * * *
The jackal bites you but does no damage. x3
The endoplasm freezes you.
You are frozen.
* * * LOW HITPOINT WARNING * * *
The jackal bites you but does no damage.
You feel better.
The jackal bites you but does no damage.
You block the jackal's attack.
The jackal bites you but does no damage.
The jackal bites you.
* * * LOW HITPOINT WARNING * * *
You block the endoplasm's attack. The jackal bites you.
* * * LOW HITPOINT WARNING * * *
You hit the jackal.
The jackal is moderately wounded.
The jackal bites you but does no damage. x3
The jackal bites you.
* * * LOW HITPOINT WARNING * * *
The endoplasm freezes you.
You are frozen.
You die...

#.#...............#.#....
#.#...............#.#..#.
#.#...............#.#..#.
#..#................#....
##..............######...
####.####...#### #...
#.####..#### ##..
#..h.#...... ##.
####@h.### ## #Jh## ...#
#.#.# #. .. .. ..# ## .).
####


You could see an endoplasm and 3 jackals.

Vanquished Creatures
  3 ball pythons (D:1)
  3 bats (D:1)
  An endoplasm (D:1)
  2 giant cockroaches (D:1)
  A hobgoblin (D:1)
  A jackal (D:1)
  2 rats (D:1)
13 creatures vanquished.

Notes
Turn   | Place    | Note
-------+----------+-------------------------------------------
     0 | D:1      | cbfl8 the Minotaur Wanderer began the quest for the Orb.
     0 | D:1      | cbfl8 set off with the following items: a +0 club, a potion
                  | of curing, a +0 robe, a +0 kite shield
     0 | D:1      | Reached XP level 1. HP: 16/16 MP: 0/0
   580 | D:1      | Reached XP level 2. HP: 18/23 MP: 1/1
   910 | D:1      | HP: 1/23 [frozen (4)]
   912 | D:1      | Frozen to death by an endoplasm

Illustrated notes

Levels and vault maps discovered:
D:1:      minmay_arrival_loop, layout_rooms

Action                   || total
-------------------------++-------
Melee: Club              ||    57
       Headbutt          ||    10
  Use: Potion            ||     1
Armor: Robe              ||     9
       Plate armour      ||   117
Dodge: Dodged            ||    15
Block: Kite shield       ||    75
